Map: Celestial Enclave LE

Players

David

  • Race: Protoss Protoss
  • Spawn Location: 1:00

Animal - Winner!

  • Race: Zerg Zerg
  • League: Gold
  • Spawn Location: 7:00

VOD

Have the link to the VOD?

Description

Time

  • Played on: May 5, 2026, 9:22 p.m.
  • Length: 15:01
Show
View Real Time Build Order
Export as new Build Order

David Protoss 

Build Orders: Double Forge, Oracle Opening 

Get SALT Encoding   

  12  0:01  Probe  
  13  0:13  Probe  
  14  0:22  Pylon  
  14  0:27  Probe  
  15  0:47  Gateway  
  15  0:54  Gateway  
  15  1:00  Pylon  
  15  1:05  Assimilator  
  15  1:08  Probe  
  15  1:16  Probe  
  17  1:26  Probe  
  18  1:34  Zealot  
  18  1:37  Cybernetics Core  
  20  1:41  Zealot  
  20  1:44  Probe  
  22  1:52  Probe, Assimilator  
  24  2:02  Probe  
  25  2:14  Warp Gate  
  25  2:25  Nexus  
  25  2:27  Probe  
  26  2:39  Probe  
  27  2:57  Stargate  
  27  3:04  Pylon  
  27  3:05  Probe  
  28  3:13  Probe  
  28  3:15  Stalker  
  31  3:23  Probe  
  31  3:26  Forge  
  32  3:28  Forge  
  32  3:32  Probe  
  32  3:36  Probe  
  32  3:40  Probe  
  34  3:44  Probe  
  36  3:50  Probe  
  36  3:51  Oracle  
  36  3:54  Probe  
  40  3:58  Protoss Ground Weapons Level 1  
  41  4:11  Probe  
  41  4:15  Probe  
  43  4:21  Twilight Council  
  43  4:27  Probe  
  44  4:38  Assimilator  
  44  4:39  Probe, Assimilator  
  44  4:40  Probe  
  44  4:41  Nexus  
  44  4:44  Assimilator  
  46  4:48  Probe  
  46  4:58  Probe  
  47  5:02  Charge  
  47  5:05  Oracle  
  51  5:12  Pylon  
  51  5:13  Pylon  
  51  5:16  Pylon  
  51  5:19  Pylon  
  51  5:23  Protoss Ground Armor Level 1, Pylon  
  51  5:25  Pylon  
  51  5:37  Probe  
  52  5:49  Probe  
  53  5:59  Robotics Facility, Protoss Shields Level 1  
  53  6:00  Robotics Facility  
  53  6:03  Gateway x2  
  53  6:06  Probe, Gateway  
  53  6:09  Probe  
  54  6:14  Probe  
  54  6:17  Probe  
  56  6:24  Probe, Stalker x2  
  61  6:27  Probe  
  63  6:37  Gateway  
  63  6:39  Gateway  
  63  6:45  Blink  
  63  6:53  Templar Archives  
  63  6:56  Robotics Bay  
  63  6:59  Immortal  
  67  7:06  Immortal  
  71  7:23  Zealot  
  71  7:24  Zealot, Protoss Ground Weapons Level 2, Stalker  
  67  7:37  Stalker x3  
  67  7:38  Stalker  
  56  8:03  Stalker x4  
  56  8:04  Stalker x2  
  52  8:15  Probe  
  52  8:18  Probe  
  51  8:23  Probe  
  51  8:26  Probe  
  52  8:33  Probe  
  54  8:36  Colossus, Probe  
  62  8:41  Colossus  
  68  8:49  Psionic Storm  
  68  8:57  Extended Thermal Lance  
  68  9:05  Probe  
  69  9:13  Probe  
  69  9:16  High Templar  
  71  9:18  Zealot x3  
  71  9:19  Zealot  
  80  9:33  Protoss Ground Armor Level 2  
  80  9:40  Zealot x3  
  80  9:42  Stalker  
  80  9:43  Stalker  
  80  9:44  Zealot  
  92  9:51  Observer  
  93  9:53  Warp Prism  
  93  9:59  Pylon  
  95  10:00  Pylon  
  95  10:17  High Templar  
  95  10:18  Nexus  
  95  10:19  Stalker  
  95  10:20  Pylon  
  76  10:46  Archon  
  54  10:56  Stalker x2  
  58  10:57  Stalker x4  
  66  11:15  Shield Battery  
  66  11:16  Shield Battery  
  66  11:22  Probe  
  66  11:24  Probe  
  66  11:30  Probe  
  66  11:32  Probe  
  68  11:38  Colossus  
  68  11:39  Colossus  
  76  11:40  Probe  
  76  11:42  Probe  
  84  12:27  Zealot x5  
  84  12:28  Zealot x2  
  98  12:48  High Templar x2  
  31  13:26  Zealot x4  
  31  13:27  Zealot  
Show
View Real Time Build Order
Export as new Build Order

Animal Zerg - Winner!

Build Orders: Hatch First, Roach Hydra 

Get SALT Encoding   

  12  0:01  Drone  
  13  0:13  Overlord  
  13  0:17  Drone  
  14  0:32  Drone x2  
  14  0:35  Drone  
  17  0:53  Hatchery  
  17  0:56  Drone  
  17  0:59  Extractor  
  17  1:03  Drone  
  17  1:18  Spawning Pool  
  17  1:20  Drone  
  17  1:24  Drone  
  18  1:30  Drone  
  19  1:40  Overlord  
  19  1:50  Drone  
  20  2:06  Queen x2  
  24  2:10  Zergling x2  
  24  2:13  Zergling x2  
  26  2:17  Metabolic Boost  
  26  2:32  Drone x4  
  30  2:40  Drone  
  31  2:55  Hatchery  
  30  2:58  Queen  
  30  3:02  Overlord  
  32  3:08  Drone x2  
  32  3:12  Drone x2  
  36  3:28  Drone x4  
  36  3:30  Overlord  
  36  3:31  Overlord  
  40  3:43  Drone x3  
  40  3:44  Drone  
  44  3:50  Roach Warren  
  44  3:51  Extractor  
  42  3:59  Spore Crawler  
  41  4:03  Spore Crawler  
  41  4:05  Drone  
  41  4:06  Drone x2  
  43  4:18  Zergling x6  
  43  4:19  Zergling x4  
  43  4:21  Drone x3  
  51  4:30  Lair  
  51  4:33  Drone x3  
  54  4:41  Evolution Chamber  
  54  4:45  Evolution Chamber  
  52  4:46  Overlord x2  
  52  4:49  Drone x3  
  52  4:50  Drone  
  56  5:01  Extractor  
  56  5:02  Drone x3  
  58  5:07  Queen  
  58  5:10  Zerg Ground Armor Level 1  
  58  5:13  Zerg Missile Weapons Level 1  
  60  5:19  Roach x5  
  60  5:20  Roach  
  72  5:30  Overlord x3  
  72  5:36  Glial Reconstitution  
  72  5:41  Overlord x3  
  72  5:56  Roach x2  
  80  5:57  Roach x5  
  80  5:58  Roach  
  88  6:07  Drone x4  
  88  6:08  Drone  
  93  6:19  Roach x3  
  99  6:27  Extractor, Hatchery  
  99  6:28  Drone x3  
  100  6:39  Roach x3  
  108  6:40  Roach x4  
  108  6:41  Roach  
  115  7:20  Infestation Pit, Drone x2  
  115  7:21  Drone  
  115  7:22  Hydralisk Den  
  110  7:33  Drone x3  
  110  7:34  Drone x5  
  110  7:36  Overlord x4  
  116  7:39  Pneumatized Carapace  
  116  7:40  Zerg Ground Armor Level 2  
  116  7:42  Zerg Missile Weapons Level 2  
  104  7:57  Muscular Augments  
  84  8:11  Extractor  
  84  8:12  Drone x3  
  78  8:14  Hydralisk x3  
  78  8:15  Hydralisk  
  78  8:16  Roach x2  
  82  8:27  Extractor  
  82  8:29  Drone x2, Extractor  
  82  8:30  Drone  
  82  8:32  Drone x3  
  86  8:35  Roach x3, Hydralisk x2  
  86  8:37  Roach x2  
  100  8:49  Hydralisk x2  
  100  8:50  Roach  
  100  8:51  Roach x3  
  112  9:01  Grooved Spines  
  112  9:11  Hydralisk x2  
  112  9:12  Roach x4, Hydralisk x2  
  112  9:14  Roach x3, Hydralisk  
  136  9:21  Drone x2  
  136  9:22  Drone x3  
  141  9:33  Hydralisk x2  
  141  9:34  Roach  
  141  9:35  Roach x3, Hydralisk x2  
  157  9:59  Hatchery  
  134  10:38  Hydralisk x3  
  134  10:40  Roach x3, Hydralisk x3  
  134  10:42  Roach x3, Hydralisk x3  
  144  10:43  Roach x2  
  144  10:44  Roach x2, Hydralisk x2  
  146  11:02  Overlord x3  
  146  11:03  Overlord  
  146  11:04  Hydralisk x2  
  146  11:05  Roach x2  
  146  11:06  Roach x3  
  160  11:24  Hydralisk x2  
  164  11:26  Roach x3, Hydralisk x2  
  164  11:27  Roach x2, Hydralisk  
  164  11:28  Hydralisk, Roach  
  164  11:29  Roach x4  
  164  11:30  Roach x3  
  164  11:31  Hive  
  198  11:34  Overlord x2  
  198  12:57  Hydralisk x2  
  194  12:59  Roach x4  
  160  13:17  Ultralisk Cavern  
  147  13:34  Hydralisk x2  
  147  13:35  Roach x2  
  147  13:36  Roach x2  
Tags
 
Add a new tag
Caveats
  • Supply blocks, unpowered buildings, or Contaminate may cause inaccurate times.
  • Supply counts are checked every 10 seconds.